 Dungeon Crawl Stone Soup version 0.23-a0-622-g59b4ea9c50 (webtiles) character file.

567 Maize the Chopper (level 7, -6/62 HPs)
             Began as a Minotaur Fighter on Dec 24, 2018.
             Was a Follower of Okawaru.
             Mangled by an ogre
             ... wielding a +0 giant spiked club
              (24 damage)
             ... on level 4 of the Dungeon.
             The game lasted 00:06:01 (2326 turns).

Maize the Chopper (Minotaur Fighter)                Turns: 2326, Time: 00:06:01

Health: -6/62      AC:  9    Str: 22    XL:     7   Next: 11%
Magic:  6/6        EV:  8    Int:  5    God:    Okawaru [*.....]
Gold:   98         SH:  0    Dex: 10    Spells: 6/6 levels left

rFire    . . .     SeeInvis .   a - +0 war axe
rCold    + . .     Gourm    .   (no shield)
rNeg     . . .     Faith    .   l - +0 chain mail
rPois    .         Spirit   .   (helmet restricted)
rElec    .         Reflect  .   (no cloak)
rCorr    .         Harm     .   (no gloves)
MR       .....                  (no boots)
Stlth    ..........             m - amulet of regeneration
HPRegen  0.60/turn              h - ring of protection from cold
MPRegen  0.10/turn              (no ring)

@: studying Shields, heavily drained
A: retaliatory headbutt, horns 2
a: Heroism, Renounce Religion


You were on level 4 of the Dungeon.
You worshipped Okawaru.
Okawaru was aware of your devotion.
You were not hungry.

You visited 1 branch of the dungeon, and saw 4 of its levels.

You collected 98 gold pieces.

Inventory:

Hand Weapons
 a - a +0 war axe (weapon)
Armour
 l - a +0 chain mail (worn)
Jewellery
 h - a ring of protection from cold (left hand)
 m - an amulet of regeneration (around neck)
 r - an uncursed amulet of rage
Wands
 t - a wand of flame (20)
 w - a wand of paralysis (2)
Scrolls
 c - 2 scrolls of blinking {unknown}
 i - a scroll of identify {unknown}
 j - 4 scrolls of enchant weapon {unknown}
 k - 3 scrolls of teleportation {unknown}
 o - a scroll of magic mapping {unknown}
 s - 2 scrolls of remove curse {unknown}
 v - a scroll of enchant armour {unknown}
Potions
 b - 3 potions of curing {unknown}
 d - a potion of might
 e - a potion of flight {unknown}
 n - a potion of resistance {unknown}
 p - 2 potions of invisibility {unknown}
 q - a potion of agility {unknown}
 u - 2 potions of berserk rage {unknown}
 x - a potion of brilliance {unknown}
Books
 y - a manual of Shields
Comestibles
 f - 7 rations
 g - 2 chunks of flesh


   Skills:
 + Level 5.7(4.5) Fighting
 * Level 6.8(5.5) Axes
 + Level 5.8(4.5) Armour
 + Level 3.9(2.7) Shields


You had 6 spell levels left.
You didn't know any spells.
Your spell library contained the following spells:

 Spells                   Type           Power        Failure   Level  Hunger
 Animate Skeleton         Necr           N/A          99%         1    ##.....
 Apportation              Tloc           #.....       99%         1    ##.....
 Confusing Touch          Hex            #.....       99%         1    ##.....
 Summon Small Mammal      Summ           #...         99%         1    ##.....


Dungeon Overview and Level Annotations

Branches:
Dungeon (4/15)
 Temple: D:4-7

Altars:
Okawaru

Shops:
D:4 *


Innate Abilities, Weirdness & Mutations

You reflexively headbutt those who attack you in melee.
You have a pair of horns on your head.


Message History

The orc priest barely misses you.
You closely miss the orc priest. You headbutt the orc priest.
You kill the orc priest!
Okawaru accepts your kill.
Items here: )) [[ † a +0 club; a +0 scale mail; a +0 war axe; a +0 leather armour; an orc corpse You hit the ogre.
Your headbutt misses the ogre.
The ogre is moderately wounded.
The ogre hits you with a +0 giant spiked club!!
You hit the ogre. You headbutt the ogre.
The ogre is moderately wounded.
The ogre hits you with a +0 giant spiked club.
You hit the ogre.
The ogre is moderately wounded.
The ogre hits you with a +0 giant spiked club!
* * * LOW HITPOINT WARNING * * *
You slash the ogre!
The ogre is almost dead.
The ogre hits you with a +0 giant spiked club!!
You die...

#........o# ... #...!..o..#
...## #...(.....# # .....#
#....(....#..#
#....##..##.##.....#
#.........#.# ##..#
.####........## ##..######
.............O###....#...##
..#.##..##...@#..........##
.. ###..#..)............# .
###.##.......[<....#
##.#...........∩.#
#.............##
#....#...##...##
.....########### ##...##
####


You could see an ogre.

Vanquished Creatures
  Sigmund (D:3)
  3 orc priests
  3 orc wizards (D:3)
  Ijyb (D:3)
  A worker ant (D:4)
  Robin (D:3)
  4 gnolls (D:3)
  4 adders
  A shadow imp (D:4)
  An ooze (D:3)
  A worm (D:3)
  2 dart slugs
  3 leopard geckos
  8 orcs
  3 giant cockroaches
  13 goblins
  14 hobgoblins
  2 jackals (D:3)
  5 kobolds
  3 bats
  3 frilled lizards
  A jackal skeleton (D:4)
  9 rats
87 creatures vanquished.

Notes
Turn   | Place    | Note
-------+----------+-------------------------------------------
     0 | D:1      | Maize the Minotaur Fighter began the quest for the Orb.
     0 | D:1      | Reached XP level 1. HP: 19/19 MP: 0/0
   240 | D:1      | Reached skill level 3 in Axes
   240 | D:1      | Reached XP level 2. HP: 27/27 MP: 1/1
   771 | D:2      | Reached XP level 3. HP: 33/33 MP: 2/2
   812 | D:2      | Found an iron altar of Okawaru.
   817 | D:2      | Became a worshipper of Warmaster Okawaru
  1171 | D:3      | Reached skill level 4 in Axes
  1192 | D:4      | Found Igekk's General Store.
  1213 | D:3      | Reached XP level 4. HP: 15/41 MP: 3/3
  1484 | D:3      | Reached XP level 5. HP: 38/47 MP: 4/4
  1531 | D:3      | Noticed Robin
  1569 | D:3      | Killed Robin
  1569 | D:3      | Reached skill level 5 in Axes
  1651 | D:3      | Reached * piety under Okawaru
  1885 | D:3      | Noticed Sigmund
  1905 | D:3      | Killed Sigmund
  1905 | D:3      | Reached skill level 5 in Fighting
  1905 | D:3      | Reached skill level 6 in Axes
  1905 | D:3      | Reached skill level 5 in Armour
  1905 | D:3      | Reached XP level 6. HP: 56/56 MP: 2/5
  1991 | D:3      | Noticed Ijyb
  1993 | D:3      | Paralysed by Ijyb for 6 turns
  2007 | D:3      | Killed Ijyb
  2298 | D:4      | Reached XP level 7. HP: 62/62 MP: 6/6
  2326 | D:4      | Mangled by an ogre

Vault maps used:
D:1:      dpeg_arrival_orchard
D:2:      overflow_temple_1_default, first_ration
D:3:      uniq_sigmund, uniq_robin, uniq_ijyb
D:4:      cheibriados_altar_1, serial_shops, shop, minmay_manual_mess

Skill      XL: |  1  2  3  4  5 |
---------------+----------------+-----
Axes           | 3 4 6 |  6.8
Fighting       | 4 5 |  5.7
Armour         | 4 5 |  5.8
Shields        | |  3.9

Action                   |  1- 3 |  4- 6 |  7- 9 || total
-------------------------+-------+-------+-------++-------
Melee: War axe           |    70 |   119 |    11 ||   200
       Headbutt          |    10 |    18 |     2 ||    30
Invok: Heroism           |       |     1 |       ||     1
  Eat: Chunk             |     1 |     4 |       ||     5
Armor: Scale mail        |     8 |       |       ||     8
       Chain mail        |    39 |    78 |     1 ||   118
Dodge: Dodged            |    28 |    48 |     4 ||    80

Table legend:
 A = Non-vault XP
 B = Vault XP
 C = Vault XP percentage of total XP
 D = Non-vault monster count
 E = Vault monster count
 F = Vault count percentage of total count
                 A         B        C        D         E       F
            +---------+---------+-------+---------+---------+-------
      Total |     466 |     344 |  42.5 |      69 |      18 |  20.7
            +---------+---------+-------+---------+---------+-------
        D:1 |      19 |       0 |   0.0 |      14 |       0 |   0.0
        D:2 |      33 |       0 |   0.0 |      12 |       0 |   0.0
        D:3 |     291 |     305 |  51.2 |      37 |      14 |  27.5
        D:4 |     123 |      39 |  24.1 |       6 |       4 |  40.0
            +---------+---------+-------+---------+---------+-------
